 Dungeon Crawl Stone Soup version 0.30-a0-870-gc5d4c5acee (webtiles) character file.

Game seed: 5007887553354130678

104 cforsyth the Trooper (level 4, -1/38 HPs)
             Began as a Barachi Fighter on Mar 12, 2023.
             Succumbed to a scorpion's poison
             ... on level 4 of the Dungeon.
             The game lasted 00:02:51 (2011 turns).

cforsyth the Trooper (Barachi Fighter)              Turns: 2011, Time: 00:02:52

Health: -1/38      AC:  7    Str: 18 (19) XL:     4   Next: 80%
Magic:  4/4        EV: 10    Int:  6 (8)  God:
Gold:   327        SH:  4    Dex:  9 (12) Spells: 3/3 levels left

rFire   . . .      SeeInvis .    a - +0 war axe
rCold   . . .      Faith    .    c - +0 buckler
rNeg    . . .      Spirit   .    q - +3 leather armour
rPois   .          Reflect  .    v - +0 helmet
rElec   .          Rampage  .    (no cloak)
rCorr   .                        (no gloves)
Will    .....                    (no boots)
Stlth   +                        (no amulet)
HPRegen 0.26/turn                o - +4 ring of slaying
MPRegen 0.09/turn                (no ring)

@: lethally poisoned (-1 -> -17), slow
A: amphibious, slowness 1, strong legs 1, +LOS
a: Hop


You were on level 4 of the Dungeon.
You visited 1 branch of the dungeon, and saw 4 of its levels.

You collected 327 gold pieces.

Inventory:

Hand Weapons
 a - a +0 war axe (weapon)
Armour
 b - a +0 scale mail
 c - a +0 buckler (worn)
 q - a +3 leather armour (worn)
 v - a +0 helmet (worn)
Jewellery
 o - a +4 ring of slaying (left hand)
Scrolls
 f - 2 scrolls of identify
 g - a scroll of brand weapon {unknown}
 h - a scroll of enchant weapon {unknown}
 i - a scroll of noise {unknown}
 j - 4 scrolls of amnesia
 l - a scroll of poison {unknown}
 m - a scroll of silence {unknown}
 r - a scroll of fear {unknown}
 s - 2 scrolls of teleportation {unknown}
 t - 2 scrolls of fog {unknown}
Potions
 d - 2 potions of might
 e - a potion of degeneration
 k - a potion of cancellation {unknown}
 n - a potion of mutation {unknown}
 p - a potion of curing {unknown}
 u - a potion of flight {unknown}


   Skills:
 + Level 4.4 Fighting
 + Level 3.2 Axes
 + Level 4.4 Armour
 + Level 4.1 Shields


You had 3 spell levels left.
You didn't know any spells.
Your spell library contained the following spells:

 Spells                   Type           Power      Damage    Failure   Level
 Magic Dart               Conj           0%         1d3       61%         1
 Call Imp                 Summ           0%         N/A       75%         2
 Mephitic Cloud           Conj/Pois/Air  0%         N/A       93%         3


Dungeon Overview and Level Annotations

Branches:
Dungeon (4/15)
 Temple: D:4-7

Altars:
Wu Jian
Yredelemnul


Innate Abilities, Weirdness & Mutations

You are amphibious.
You cover ground slowly.
You can hop short distances.
You have an extended range of vision and can be seen from far away.


Message History

The black bear claws you but does no damage.
The scorpion stings you. The black bear bites you!
The black bear claws you but does no damage. x2
You slash the black bear!
The black bear is moderately wounded.
You closely miss the scorpion. You block the scorpion's attack.
The black bear barely misses you. x2; The black bear misses you.
You slash the black bear!
The black bear is almost dead.
You hit the scorpion. The scorpion stings you.
You are poisoned.
The scorpion poisons you!
The black bear goes berserk!
The scorpion stings you but does no damage.
You barely miss the black bear.
The black bear is almost dead.
You hit the scorpion but do no damage.
You feel very sick. The black bear bites you.
The black bear closely misses you.
The black bear claws you but does no damage.
The scorpion stings you. The black bear bites you!
* * * LOW HITPOINT WARNING * * *
The black bear claws you but does no damage. x2
As you read the scroll labelled EJEDOUTTEP, it crumbles to dust.
It is a scroll of identify.
j - 4 scrolls of amnesia
* * * LOW HITPOINT WARNING * * *
You feel very sick.
The black bear bites you but does no damage.
You block the black bear's attack. x2; The scorpion stings you.
* * * LOW HITPOINT WARNING * * *
You are lethally poisoned!
The scorpion poisons you! The black bear bites you.
* * * LOW HITPOINT WARNING * * *
The black bear barely misses you. The black bear claws you.
* * * LOW HITPOINT WARNING * * *
The scorpion barely misses you.
It was a potion of degeneration.
There was something very wrong with that liquid.
You feel weakened.
You feel dopey.
You feel clumsy.
You die...

#. #$ #.
#. #.##
#### #...
##....#..#
......#.†#
.....w.s@#
......#h.#
#.## #..#
#<.# #.$#
#..# #.##
# #.##.#
#....#


You could see a black bear (berserk), a worm and a scorpion.

Vanquished Creatures
  4 adders
  2 worms
  2 dart slugs (D:3)
  5 orcs (D:3)
  4 bats
  4 endoplasms
  3 giant cockroaches (D:3)
  4 goblins
  3 hobgoblins
  2 quokkas
  6 ball pythons
  3 frilled lizards
  6 kobolds
  8 rats
56 creatures vanquished.

Notes
Turn   | Place    | Note
-------+----------+-------------------------------------------
     0 | D:1      | cforsyth the Barachi Fighter began the quest for the Orb.
     0 | D:1      | Reached XP level 1. HP: 18/18 MP: 1/1
   382 | D:1      | Reached XP level 2. HP: 23/25 MP: 2/2
   793 | D:2      | Reached XP level 3. HP: 28/30 MP: 3/3
  1171 | D:3      | Reached XP level 4. HP: 37/37 MP: 4/4
  1373 | D:3      | Found a large runed translucent door.
  1380 | D:3      | Found a large runed translucent door.
  1416 | D:3      | Found a faded altar of an unknown god.
  1707 | D:3      | Found an ornate altar of the Wu Jian Council.
  1717 | D:3      | Found a basalt altar of Yredelemnul.
  1838 | D:4      | Noticed an ogre
  2001 | D:4      | Noticed a black bear
  2004 | D:4      | Noticed a scorpion
  2011 | D:4      | Succumbed to a scorpion's poison

Illustrated notes

Levels and vault maps discovered:
D:1:      minmay_arrival_stone_box, layout_loops_ring, minmay_pentomino_t2
D:2:      layout_rooms
D:3:      layout_basic, jmf_multi_god_temple2, basic_ecumenical_altar
D:4:      minmay_recursive_quarters, layout_basic, saegor_snake_ambush

Skill      XL: |  1  2  3  4 |
---------------+-------------+-----
Fighting       | 4 |  4.4
Armour         | 4 |  4.4
Axes           | 3 |  3.2
Shields        | 4 |  4.1

Action                     |  1- 3 |  4- 6 || total
---------------------------+-------+-------++-------
  Melee: War axe           |    89 |    53 ||   142
    Use: Scroll            |       |     1 ||     1
         Potion            |       |     1 ||     1
 Armour: Scale mail        |    55 |       ||    55
         Leather armour    |     2 |    23 ||    25
  Dodge: Dodged            |    41 |    30 ||    71
  Block: Buckler           |    26 |    12 ||    38

Table legend: (Time is in decaauts)
 A = Elapsed time spent in this place.
 B = Non-inter-level travel time spent in this place.
 C = Inter-level travel time spent in this place.
 D = Time resting spent in this place.
 E = Time spent auto-exploring this place.
 F = Levels seen in this place.
 G = Mean time per level.
                   A        B        C        D        E       F      G
               +--------+--------+--------+--------+--------+-----+--------+
         Total |   2394 |   2215 |    179 |      0 |   1677 |   4 |  598.5 |
       Dungeon |   2394 |   2215 |    179 |      0 |   1677 |   4 |  598.5 |
               +--------+--------+--------+--------+--------+-----+--------+

Top non-repeatable levels by time:
     D:3: 873 daAuts
     D:1: 778 daAuts
     D:2: 611 daAuts
     D:4: 131 daAuts
